 Dungeon Crawl Stone Soup version 0.25-a0-565-g8875c97ebb (webtiles) character file.

Game seed: 5002220172586852812, levelgen mode: deterministic

0 Gargoyl the Skirmisher (level 1, 0/19 HPs)
             Began as a Centaur Abyssal Knight on Feb 26, 2020.
             Was a Follower of Lugonu.
             Slain by a flying skull (4 damage)
             ... on level 1 of the Abyss.
             The game lasted 00:00:47 (162 turns).

Gargoyl the Skirmisher (Centaur Abyssal Knight)      Turns: 162, Time: 00:00:48

Health: 0/19       AC:  4    Str: 11 (14) XL:     1   Next: 0%
Magic:  2/2        EV:  9    Int:  8 (11) God:    Lugonu [*.....]
Gold:   0          SH:  0    Dex:  5 (8)  Spells: 0/0 levels left

rFire    . . .     SeeInvis .   a - +1 hand axe
rCold    . . .     Gourm    .   (no shield)
rNeg     . . .     Faith    .   b - +0 leather armour
rPois    .         Spirit   .   (no helmet)
rElec    .         Reflect  .   (no cloak)
rCorr    .         Harm     .   (no gloves)
MR       .....                  (no barding)
Stlth    ..........             (no amulet)
HPRegen  0.06/turn              (no ring)
MPRegen  0.08/turn              (no ring)

@: very quick
A: large, hooves 3, deformed body, speed 2, tough skin 3
a: Depart the Abyss, Renounce Religion


You were on level 1 of the Abyss.
You worshipped Lugonu.
Lugonu was aware of your devotion.
You were not hungry.

You visited 0 branches of the dungeon, and saw 0 of its levels.
You visited the Abyss 1 time.

Inventory:

Hand Weapons
 a - a +1 hand axe (weapon)
Armour
 b - a +0 leather armour (worn)
Scrolls
 e - a scroll of teleportation {unknown}
Potions
 d - 2 potions of degeneration
Comestibles
 c - 3 rations


   Skills:
 + Level 3.0 Fighting
 + Level 1.7 Axes
 + Level 1.3 Armour
 + Level 0.6 Dodging
 + Level 2.0 Invocations


You couldn't memorise any spells.
You didn't know any spells.
Your spell library was empty.

Dungeon Overview and Level Annotations

Branches:
Dungeon (0/15)

Altars:


Innate Abilities, Weirdness & Mutations

You have hooves in place of feet.
Armour fits poorly on your strangely shaped body.
You cover ground very quickly.
You have extremely tough skin. (AC +3)


Message History

You see here a scroll labeled CUZXIE ZOUBLA.
e - a scroll labeled CUZXIE ZOUBLA The flying skull hits you.
Unknown command.
As you read the scroll labeled CUZXIE ZOUBLA, it crumbles to dust.
It is a scroll of identify.
You don't have any unidentified items.
The crimson imp shouts!
The flying skull closely misses you. The flying skull hits you.
* * * LOW HITPOINT WARNING * * *
Found a scroll labeled GULO ICUEM.
Unknown command.
An ice devil comes into view.
You feel your health improve.
The flying skull hits you but does no damage.
You see here a scroll labeled GULO ICUEM.
e - a scroll labeled GULO ICUEM The flying skull barely misses you.
The flying skull hits you.
You die...

. .##5#. #. . . ##.##
.## ≈......# ##
##....#≈♣≈≈≈≈ #.#.#.
.#.#..≈≈≈≈≈≈≈≈#.#.###
## ..≈≈≈ ≈≈≈..#..#
.##. .##
≈≈≈##.#......##.#.#.##
...#..#..# .##.. ...
#.....#...#........
#.@#.####..#.. ...#
#..#z......#..#.#.#.
#..#....##.# .......
##..........#..# ..#
...............##.. .
#....#.#.#....# ..# .
.#####........## ...##
#....#..## #. .#
#........ ##..#


You could see a flying skull.

Vanquished Creatures (others)
  A lurking horror (Abyss:1)
1 creature vanquished.

Notes
Turn   | Place    | Note
-------+----------+-------------------------------------------
     0 | Abyss:1  | Gargoyl the Centaur Abyssal Knight began the quest for the
                  | Orb.
     0 | Abyss:1  | Reached XP level 1. HP: 19/19 MP: 2/2
    38 | Abyss:1  | Noticed an orange demon
    42 | Abyss:1  | Noticed an orange demon
    71 | Abyss:1  | Noticed an ancient zyme
    73 | Abyss:1  | Noticed a large abomination
    78 | Abyss:1  | Found a corrupted altar of Lugonu.
   109 | Abyss:1  | Noticed a flying skull
   110 | Abyss:1  | Noticed an earth elemental
   113 | Abyss:1  | Noticed a small abomination
   114 | Abyss:1  | Noticed a quasit
   114 | Abyss:1  | Noticed a crimson imp
   148 | Abyss:1  | Noticed an ice devil
   162 | Abyss:1  | Slain by a flying skull

Levels and vault maps discovered:
Abyss:1

Action                   || total
-------------------------++-------
  Use: Scroll            ||     2
       Potion            ||     1
Armor: Leather armour    ||     1
Dodge: Dodged            ||     2

Table legend:
 A = Non-vault XP
 B = Vault XP
 C = Vault XP percentage of total XP
 D = Non-vault monster count
 E = Vault monster count
 F = Vault count percentage of total count
                 A         B        C        D         E       F
            +---------+---------+-------+---------+---------+-------
      Total |       0 |       0 |   N/A |       0 |       0 |  -nan
            +---------+---------+-------+---------+---------+-------
            +---------+---------+-------+---------+---------+-------
